 Dungeon Crawl Stone Soup version 0.28-a0-511-gcc94558de3 (webtiles) character file.

Game seed: 3969678657505044298

6014 wakim the Cruncher (level 10, -16/90 HPs)
             Began as a Palentonga Abyssal Knight on Sept 21, 2021.
             Was an Elder of Lugonu.
             Demolished by a dire elephant (25 damage)
             ... in a Gauntlet.
             The game lasted 00:23:50 (11243 turns).

wakim the Cruncher (Palentonga Abyssal Knight)     Turns: 11243, Time: 00:23:51

Health: -16/90     AC: 21    Str: 19    XL:     10   Next: 56%
Magic:  10/11      EV:  5    Int: 10    God:    Lugonu [****..]
Gold:   678        SH:  0    Dex: 12    Spells: 9/9 levels left

rFire   . . .      SeeInvis +   b - +3 quarterstaff (spect)
rCold   + . .      Faith    .   (shield currently unavailable)
rNeg    + + .      Spirit   .   d - +2 scale mail {rN+}
rPois   .          Reflect  .   e - +1 hat
rElec   .          Harm     .   x - +0 cloak {Will+}
rCorr   .          Rampage  .   (no gloves)
Will    +....      NoTele   +   r - +0 barding
Stlth   ..........              z - amulet of the acrobat
HPRegen 0.25/turn               k - ring of positive energy
MPRegen 0.12/turn               m - ring of protection from cold

@: curled up
A: large, rugged brown scales 3, see invisible, deformed body, roll 1, armoured
tail, reflexive curl
a: Rolling Charge, Renounce Religion, Depart the Abyss, Bend Space, Banish,
Corrupt


You were in a Gauntlet.
You worshipped Lugonu.
Lugonu was greatly pleased with you.
You visited 3 branches of the dungeon, and saw 12 of its levels.
You visited the Abyss 1 time.
You also visited: Ossuary and Gauntlet.

You collected 678 gold pieces.

Inventory:

Hand Weapons
 a - a +1 flail of protection
 b - a +3 spectral quarterstaff (weapon)
 c - the +7 war axe of Wesyas {freeze, rElec rC- Int-4 Stlth+}
   (You found it on level 6 of the Dungeon)

   It freezes those it strikes, dealing additional cold damage.
   It can also slow down cold-blooded creatures.
   Int:       It affects your intelligence (-4).
   rC:        It makes you vulnerable to cold.
   rElec:     It insulates you from electricity.
   Stlth:     It makes you more stealthy.
Armour
 d - a +2 scale mail of positive energy (worn)
 e - a +1 hat (worn)
 g - a +0 kite shield
 h - a +1 plate armour of poison resistance
 r - a +0 barding (worn)
 x - a +0 cloak of willpower (worn)
Jewellery
 k - a ring of positive energy (left hand)
 m - a ring of protection from cold (right hand)
 q - a ring of fire
 z - an amulet of the acrobat (around neck)
Wands
 u - a wand of mindburst (9)
 v - a wand of flame (31)
 y - a wand of paralysis (6)
Scrolls
 f - 3 scrolls of magic mapping {unknown}
 i - a scroll of torment {unknown}
 j - 2 scrolls of immolation {unknown}
 l - 2 scrolls of acquirement {unknown}
 n - a scroll of fear {unknown}
 o - 3 scrolls of enchant weapon
 p - a scroll of silence {unknown}
 s - 3 scrolls of blinking {unknown}
 t - a scroll of summoning {unknown}
 w - a scroll of amnesia {unknown}
 N - a scroll of enchant armour {unknown}
 T - 4 scrolls of teleportation
 X - 3 scrolls of fog
Potions
 A - 2 potions of ambrosia
 B - a potion of attraction {!q}
 C - 3 potions of berserk rage {!q}
 D - 2 potions of brilliance
 E - a potion of cancellation
 F - 8 potions of curing
 G - 5 potions of flight
 H - 7 potions of haste
 I - 4 potions of invisibility
 J - 4 potions of heal wounds
 K - 2 potions of magic
 L - a potion of lignification {!q}
 M - 4 potions of mutation {!q}


   Skills:
 + Level 9.8 Fighting
 - Level 4.3(9.1) Maces & Flails
 * Level 12.3(12.7) Staves
 - Level 1.5 Armour
 - Level 0.7 Dodging
 - Level 2.0 Invocations


You had 9 spell levels left.
You didn't know any spells.
Your spell library contained the following spells:

 Spells                   Type           Power      Damage    Failure   Level
 Shock                    Conj/Air       0%         1d3       75%         1
 Blink                    Tloc           N/A        N/A       87%         2
 Gell's Gravitas          Tloc           0%         N/A       98%         3
 Lesser Beckoning         Tloc           0%         N/A       98%         3
 Swiftness                Air            0%         N/A       98%         3
 Teleport Other           Tloc           0%         N/A       98%         3
 Airstrike                Air            0%         N/A       100%        4
 Manifold Assault         Tloc           0%         N/A       100%        5
 Dispersal                Tloc           0%         N/A       100%        6


Dungeon Overview and Level Annotations

Branches:
Dungeon (10/15)            Temple (1/1) D:4            Lair (1/6) D:9
    Orc (0/2) D:10        Ossuary (visited)         Gauntlet (1/1)

Altars:
Ashenzari
Cheibriados
Dithmenos
Fedhas
Gozag
Hepliaklqana
Kikubaaqudgha
Makhleb
Nemelex Xobeh
Ru
Sif Muna
Wu Jian
Xom
Yredelemnul
Zin
The Shining One
Jiyva

Shops:
D:7 !

Annotations:
Gauntlet 11 transporters, 2 runed translucent doors


Innate Abilities, Weirdness & Mutations

You are completely covered in rugged brown scales. (AC +3, +7% HP)
You have supernaturally acute eyesight. (SInv)
Armour fits poorly on your strangely shaped body.
You can roll at nearby foes to attack.
You have a long armoured tail.
You curl defensively after being hit.


Message History

The cacodemon shouts!
The neqoxec shouts!
The cacodemon shouts!
Partly explored, unvisited transporter.
Press: ? - help, v - describe, . - travel, g - get item Item here: a glowing cloak.
The floor.
There is a transporter here.
The dire elephant trumpets!
You hear a trumpeting!
There is a transporter here.
The death drake hisses angrily.
There is a transporter here.
You enter the transporter and appear at another place.
You roll forward with a clatter of scales!
You sock the dire elephant!
The dire elephant is lightly wounded.
Your +3 spectral quarterstaff hits the dire elephant.
The dire elephant tramples you!
You hold your ground!
The dire elephant barely misses you.
You hit the dire elephant but do no damage.
The dire elephant is lightly wounded.
Your +3 spectral quarterstaff hits the dire elephant!
The dire elephant tramples you!
You stumble backwards!
You hit the dire elephant but do no damage.
You tail-slap the dire elephant, but do no damage.
The dire elephant is moderately wounded.
Your +3 spectral quarterstaff hits the dire elephant!
The dire elephant tramples you!!
* * * LOW HITPOINT WARNING * * *
You hold your ground!
The dire elephant trunk-slaps you but does no damage.
The dire elephant tramples you!!
* * * LOW HITPOINT WARNING * * *
You hold your ground!
The dire elephant trunk-slaps you.
* * * LOW HITPOINT WARNING * * *
There is a transporter landing site, spattered with blood here.
Okay, then.
Okay, then.
Space bends around you!
You blink.
The dire elephant tramples you!!
You die...

#######...............≈#
.....k#...#########...##
###..Z#...#....##.#...≈#
.#....######..##..#...##
.#©.#.#...###.#...#...≈#
#####.#©8©#©##.##.#©8.##
.#..#.#...#...#Y###...≈#
.#....#####!|##Y§##.§§##
###...#...#[##§.@.#...§#
......#...#########.§§##
#######...............≈#
........8.....8.....8§##
.8.....................##
.........###########..§≈#
######...#..^..233.#..§##
.....#...#.#.#.#.#.#.∩.≈#
.#.⌠.#####..#^#.#..#...##


You could see a dire elephant, a cacodemon, an elephant and 2 neqoxecs.

Vanquished Creatures
  2 two-headed ogres
  Pikel (D:9)
  2 trolls
  A shadow (D:9)
  A steam dragon (D:9)
  Menkaure (D:7)
  Edmund (D:6)
  A water moccasin (D:6)
  An orc warrior (D:8)
  3 ice beasts
  A sky beast (D:6)
  4 ogres
  3 centaurs
  A phantom (D:5)
  A lemure (D:9)
  2 kobold brigands (D:10)
  A gnoll sergeant (D:10)
  3 bullfrogs
  A wyvern skeleton (D:7)
  3 killer bees (D:8)
  4 electric eels (D:10)
  6 howler monkeys
  4 centaur zombies
  A human zombie (Ossuary)
  A bullfrog zombie (D:6)
  3 hounds
  Crazy Yiuf (D:5)
  An orc priest (D:8)
  A gnoll shaman (D:8)
  A jelly (D:5)
  3 bullfrog skeletons
  Jessica (D:2)
  4 iguanas
  3 orc wizards (D:8)
  3 mummies (Ossuary)
  16 gnolls
  2 adders
  A howler monkey skeleton (D:4)
  A white imp (D:7)
  An adder skeleton (D:2)
  A worm (D:3)
  3 dart slugs
  13 orcs
  9 ball pythons
  7 endoplasms
  4 giant cockroaches
  5 goblins
  9 hobgoblins
  2 quokkas
  5 bats
  5 frilled lizards
  2 goblin zombies (Ossuary)
  2 hobgoblin zombies (Ossuary)
  14 kobolds
  A kobold zombie (Ossuary)
  2 orc zombies (Ossuary)
  4 rats
180 creatures vanquished.

Vanquished Creatures (others)
  A demonic plant (Gauntlet)
  6 plants (D:10)
7 creatures vanquished.

Grand Total: 187 creatures vanquished

Notes
Turn   | Place    | Note
-------+----------+-------------------------------------------
     0 | Abyss:1  | wakim the Palentonga Abyssal Knight began the quest for the
                  | Orb.
     0 | Abyss:1  | Reached XP level 1. HP: 19/19 MP: 2/2
    72 | Abyss:1  | Noticed an ancient zyme
    74 | D:1      | Escaped the Abyss
    93 | D:1      | Noticed a swamp worm
    93 | D:1      | Noticed a black bear
    93 | D:1      | Noticed a komodo dragon
    94 | D:1      | Noticed a salamander
   165 | D:1      | Reached * piety under Lugonu
   173 | D:1      | Reached XP level 2. HP: 3/25 MP: 3/3
   582 | D:1      | Found a faded altar of an unknown god.
  1186 | D:2      | Noticed Jessica
  1431 | D:2      | Killed Jessica
  1432 | D:2      | Reached XP level 3. HP: 31/31 MP: 4/4
  1674 | D:2      | Reached XP level 4. HP: 39/39 MP: 5/5
  2105 | D:2      | Reached ** piety under Lugonu
  2903 | D:3      | Reached XP level 5. HP: 37/44 MP: 6/6
  3074 | D:4      | Noticed an ogre
  3083 | D:4      | Killed an ogre
  3084 | D:4      | Reached skill level 2 in Staves
  3362 | D:4      | Found a staircase to the Ecumenical Temple.
  3419 | Temple   | Entered the Ecumenical Temple
  3733 | D:4      | Found an ornate altar of the Wu Jian Council.
  3821 | D:4      | Reached XP level 6. HP: 46/52 MP: 7/7
  4008 | D:4      | Reached skill level 3 in Staves
  4342 | D:5      | Entered Level 5 of the Dungeon
  4504 | D:5      | Reached skill level 5 in Fighting
  4507 | D:5      | Reached skill level 4 in Staves
  4507 | D:5      | Gained mutation: You curl defensively after being hit.
                  | [Palentonga growth]
  4507 | D:5      | Reached XP level 7. HP: 36/59 MP: 8/8
  4698 | D:5      | Found a shimmering blue altar of Sif Muna.
  4714 | D:5      | Found a sand-covered staircase.
  4739 | Ossuary  | Entered an ossuary
  4840 | Ossuary  | Reached *** piety under Lugonu
  5101 | D:5      | Reached skill level 5 in Staves
  5470 | D:5      | Found a runed translucent door.
  5471 | D:5      | Noticed Crazy Yiuf
  5478 | D:5      | Killed Crazy Yiuf
  5774 | D:6      | Reached skill level 6 in Staves
  5778 | D:6      | Reached XP level 8. HP: 53/68 MP: 9/9
  5881 | D:6      | Identified the +7 war axe of Wesyas {freeze, rElec rC-
                  | Int-4 Stlth+}
  5903 | D:6      | Found a sparkling altar of Nemelex Xobeh.
  5903 | D:6      | Noticed Edmund
  5906 | D:6      | Reached skill level 7 in Staves
  6198 | D:6      | Killed Edmund
  6375 | D:6      | Found an ancient bone altar of Kikubaaqudgha.
  6572 | D:6      | Found an opulent altar of Gozag.
  6758 | D:7      | Found Nonocz Towku's Distillery.
  6759 | D:7      | Reached skill level 8 in Staves
  7107 | D:7      | Found a shadowy altar of Dithmenos.
  7109 | D:7      | Noticed Menkaure
  7111 | D:7      | Killed Menkaure
  7113 | D:7      | Reached **** piety under Lugonu
  7114 | D:7      | Reached XP level 9. HP: 52/77 MP: 10/10
  7466 | D:7      | Found a sacrificial altar of Ru.
  7728 | D:7      | Found a burning altar of Makhleb.
  7729 | D:7      | Found a basalt altar of Yredelemnul.
  7729 | D:7      | Found a broken altar of Ashenzari.
  7822 | D:8      | Reached skill level 9 in Staves
  8568 | D:9      | Noticed Pikel
  8575 | D:9      | Killed Pikel
  8576 | D:9      | Reached skill level 10 in Staves
  8778 | D:9      | Noticed a two-headed ogre
  8792 | D:9      | Killed a two-headed ogre
  8793 | D:9      | Reached skill level 11 in Staves
  8793 | D:9      | Reached XP level 10. HP: 55/87 MP: 11/11
  9106 | D:9      | Found a staircase to the Lair.
  9832 | D:10     | Entered Level 10 of the Dungeon
  9851 | D:10     | Noticed a two-headed ogre
  9855 | D:10     | Killed a two-headed ogre
  9878 | D:10     | Reached skill level 12 in Staves
 10281 | D:10     | Found a hazy altar of Hepliaklqana.
 10333 | D:10     | Found a glowing silver altar of Zin.
 10858 | D:10     | Found a staircase to the Orcish Mines.
 10923 | D:10     | Found a blossoming altar of Fedhas.
 10980 | Lair:1   | Entered Level 1 of the Lair of Beasts
 10985 | Lair:1   | Found a gate leading to a gauntlet.
 10996 | Gauntlet | Entered a Gauntlet
 10996 | Gauntlet | Noticed a sixfirhy
 10996 | Gauntlet | Found a transporter.
 11003 | Gauntlet | Noticed a dire elephant
 11005 | Gauntlet | Found a transporter.
 11014 | Gauntlet | Noticed an elephant
 11018 | Gauntlet | Found a transporter.
 11021 | Gauntlet | Found a transporter.
 11027 | Gauntlet | Noticed a spectral centaur warrior
 11031 | Gauntlet | Found a transporter.
 11037 | Gauntlet | Noticed a spectral centaur warrior
 11042 | Gauntlet | Noticed a death drake
 11048 | Gauntlet | Noticed a cacodemon
 11051 | Gauntlet | Found a transporter.
 11054 | Gauntlet | Found a transporter.
 11058 | Gauntlet | Found a transporter.
 11080 | Gauntlet | Noticed a ghost crab
 11081 | Gauntlet | Found a transporter.
 11087 | Gauntlet | Found a transporter.
 11119 | Gauntlet | Found the +3 pair of seven-league boots {Rampage+∞}
 11138 | Gauntlet | Found a transporter.
 11142 | Gauntlet | Found a runed translucent door.
 11142 | Gauntlet | Noticed a sixfirhy
 11143 | Gauntlet | Found a runed translucent door.
 11146 | Gauntlet | Found a transporter.
 11161 | Gauntlet | Noticed a cacodemon
 11243 | Gauntlet | Demolished by a dire elephant

Illustrated notes

Levels and vault maps discovered:
D:1:      onia_arrival_zoo_common, layout_basic,
          chequers_ecumenical_altar_island, minmay_misc_feat_chi,
          hangedman_decor_riveting, minmay_cupped
D:2:      layout_basic, roderic_serpentine_path, minmay_misc_feat_room,
          uniq_jessica
D:3:      layout_loops_ring
D:4:      layout_loops_corners, pdpol_wu_jian_five_deadly_venoms,
          minmay_temple_entry_antechambers, dk_noncrumbling_4
D:5:      layout_loops_ring, mainiacjoe_overflow_catwalk,
          nicolae_ossuary_entry_ruins, minivault_1, uniq_crazy_yiuf_cottage
D:6:      layout_rooms, mainiacjoe_overflow_surrounded_room,
          lemuel_coloured_pillars_altar, mainiacjoe_overflow_tiny_flanked,
          hangedman_decor_diamond_cutter, nrook_mini_vaults, uniq_edmund
D:7:      layout_basic, nicolae_dithmenos_shadow_blocks,
          nicolae_ru_the_path_less_chosen, gammafunk_temple_overflow_claw,
          serial_shops, shop, hangedman_decor_points, uniq_menkaure
D:8:      layout_cave_pools
D:9:      layout_layer_cave, lair_entry_dummy, uniq_pikel
D:10:     layout_rooms, old_standard_altar, fedhas_altar_4, zin_academy,
          orc_0_dummy, serial_bayou_lagoon_b
Temple:   pf_slimified_temple
Lair:1:   layout_gridlike, gauntlet_entry_generic,
          grunt_forest_large_clearing_hut
Gauntlet: minmay_gauntlet_mixed_oops_all_seconds
          [minmay_gauntlet_arena_77_cramped, gammafunk_gauntlet_arena_grid,
          minmay_gauntlet_arena_77_fan, gammafunk_gauntlet_arena_split_diamond,
          minmay_gauntlet_arena_77_museum, nicolae_gauntlet_arena_t_cross,
          gauntlet_exit_green]

Skill      XL: |  1  2  3  4  5  6  7  8  9 10 |
---------------+-------------------------------+-----
Maces & Flails | 3 4 |  4.3
Fighting       | 4 5 6 7 8 9 |  9.8
Staves         | 2 4 6 8 11 12 | 12.3
Armour         | |  1.5
Dodging        | |  0.7
Invocations    | |  2.0

Action                   |  1- 3 |  4- 6 |  7- 9 | 10-12 || total
-------------------------+-------+-------+-------+-------++-------
Melee: Mace              |    53 |       |       |       ||    53
       Quarterstaff      |    17 |    66 |   161 |    58 ||   302
       Tailslap          |     3 |     7 |    21 |     6 ||    37
Invok: Depart the Abyss  |     1 |       |       |       ||     1
       Bend Space        |       |     1 |     2 |     1 ||     4
 Abil: Rolling Charge    |    28 |    37 |    48 |    18 ||   131
  Use: Scroll            |       |     5 |     6 |     4 ||    15
 Stab: Distracted        |       |       |       |     1 ||     1
Armor: Leather armour    |    23 |     2 |       |       ||    25
       Ring mail         |       |     6 |       |       ||     6
       Chain mail        |       |       |    24 |       ||    24
       Scale mail        |       |       |     7 |     1 ||     8
       Plate armour      |       |       |    30 |    21 ||    51
Dodge: Dodged            |    30 |     7 |    20 |    13 ||    70

Table legend: (Time is in decaauts)
 A = Elapsed time spent in this place.
 B = Non-inter-level travel time spent in this place.
 C = Inter-level travel time spent in this place.
 D = Time resting spent in this place.
 E = Time spent auto-exploring this place.
 F = Levels seen in this place.
 G = Mean time per level.
                   A        B        C        D        E       F      G
               +--------+--------+--------+--------+--------+-----+--------+
         Total |  11271 |  10928 |    343 |    852 |   8626 |  15 |  751.4 |
       Dungeon |  10662 |  10319 |    343 |    852 |   8352 |  10 | 1066.2 |
        Temple |      1 |      1 |      0 |      0 |      0 |   1 |    1.0 |
          Lair |     15 |     15 |      0 |      0 |      0 |   1 |   15.0 |
         Abyss |     74 |     74 |      0 |      0 |     24 |   1 |   74.0 |
       Ossuary |    271 |    271 |      0 |      0 |    162 |   1 |  271.0 |
      Gauntlet |    246 |    246 |      0 |      0 |     88 |   1 |  246.0 |
               +--------+--------+--------+--------+--------+-----+--------+

Top non-repeatable levels by time:
     D:9: 1501 daAuts
     D:1: 1358 daAuts
     D:4: 1322 daAuts
     D:5: 1306 daAuts
     D:7: 1109 daAuts
    D:10: 923 daAuts
     D:2: 860 daAuts
     D:6: 777 daAuts
     D:3: 755 daAuts
     D:8: 748 daAuts
 Ossuary: 271 daAuts
Gauntlet: 246 daAuts
 Abyss:1: 74 daAuts
  Lair:1: 15 daAuts
  Temple: 1 daAuts
